 Dungeon Crawl Stone Soup version 0.27-a0-404-g4390dbc5be (webtiles) character file.

Game seed: 8241801284525902331

1312 Nattfarinn the Insei (level 8, -2/61 HPs)
             Began as a Gnoll Transmuter on Feb 22, 2021.
             Was an Initiate of Ashenzari.
             Slain by a hornet (8 damage)
             ... on level 6 of the Dungeon.
             The game lasted 00:17:34 (8231 turns).

Nattfarinn the Insei (Gnoll Transmuter)             Turns: 8231, Time: 00:17:34

Health: -2/61      AC:  7    Str: 17    XL:     8   Next: 58%
Magic:  17/17      EV: 13    Int: 14    God:    Ashenzari [......]
Gold:   352        SH:  0    Dex: 12    Spells: 15/19 levels left

rFire    + . .     SeeInvis .   z - +1 long sword "Zowucku" {holy, +Inv rElec rC+}
rCold    + . .     Faith    .   (no shield)
rNeg     . . .     Spirit   .   q - +2 ring mail {rF+}
rPois    .         Reflect  .   (helmet currently unavailable)
rElec    +         Harm     .   k - scarf {+Inv}
rCorr    .         Rampage  .   (no gloves)
Will     .....                  (boots currently unavailable)
Stlth    ++........             n - amulet of magic regeneration
HPRegen  0.20/turn              y - +6 ring of strength (curse)
MPRegen  0.40/turn              m - ring of flight

@: lethally poisoned (-2 -> -7), appendages, slowed, very slow
A: distributed training, fangs 1, horns 2, talons 2, strong nose
a: End Transformation, Renounce Religion, Evoke Invisibility, Evoke Flight,
Curse Item


You were on level 6 of the Dungeon.
You worshipped Ashenzari.
Ashenzari was noncommittal.
You had grown temporary horns.
You had grown temporary talons.
You visited 2 branches of the dungeon, and saw 7 of its levels.

You collected 352 gold pieces.

Inventory:

Hand Weapons
 b - a +0 whip
 z - the +1 long sword "Zowucku" (weapon) {holy, +Inv rElec rC+}
   (You found it on level 4 of the Dungeon)

   It has been blessed by the Shining One to cause great damage to the undead
   and demons.
   It protects you from cold.
   It insulates you from electricity.
   It lets you turn invisible.
Missiles
 d - 4 atropa-tipped darts
Armour
 a - a +0 robe
 f - a +0 scale mail
 g - a +0 leather armour
 k - a scarf of invisibility (worn)
 p - a +0 pair of boots
 q - a +2 ring mail of fire resistance (worn)
 B - a +2 hat (melded)
 D - a +0 pair of boots (melded)
Jewellery
 m - a ring of flight (right hand)
 n - an amulet of magic regeneration (around neck)
 y - a cursed +6 ring of strength (left hand)
Wands
 w - a wand of iceblast (6)
Scrolls
 c - a scroll of enchant armour
 e - 5 scrolls of amnesia
 h - 3 scrolls of enchant weapon
 i - a scroll of immolation
 l - 2 scrolls of fear
 o - a scroll of fog
 t - 3 scrolls of magic mapping
 u - 2 scrolls of teleportation
 A - a scroll of blinking
 C - 3 scrolls of identify
Potions
 j - a potion of resistance
 r - a potion of magic
 v - a potion of haste
 x - a potion of brilliance


   Skills:
 + Level 4.3 Fighting
 + Level 3.4 Short Blades
 + Level 3.4 Long Blades
 + Level 3.4 Axes
 + Level 3.4 Maces & Flails
 + Level 3.4 Polearms
 + Level 3.4 Staves
 + Level 3.4 Slings
 + Level 3.4 Bows
 + Level 3.4 Crossbows
 + Level 3.4 Throwing
 + Level 3.4 Armour
 + Level 5.7 Dodging
 + Level 3.4 Stealth
 + Level 3.4 Shields
 + Level 7.4 Unarmed Combat
 + Level 6.1 Spellcasting
 + Level 2.7 Conjurations
 + Level 2.7 Hexes
 + Level 2.7 Summonings
 + Level 2.7 Necromancy
 + Level 2.7 Translocations
 + Level 4.7 Transmutations
 + Level 2.7 Fire Magic
 + Level 2.7 Ice Magic
 + Level 2.7 Air Magic
 + Level 2.7 Earth Magic
 + Level 2.7 Poison Magic
 + Level 3.7 Invocations
 + Level 3.4 Evocations


You had 15 spell levels left.
You knew the following spells:

 Your Spells              Type           Power        Failure   Level
a - Beastly Appendage     Tmut           34%          4%          1
b - Spider Form           Tmut/Pois      7%           19%         3

Your spell library contained the following spells:

 Spells                   Type           Power        Failure   Level
 Wereblood                Tmut           17%          6%          2
 Ice Form                 Ice/Tmut       14%          52%         4
 Blade Hands              Tmut           8%           73%         5


Dungeon Overview and Level Annotations

Branches:
Dungeon (6/15)             Temple (1/1) D:6

Altars:
Ashenzari
Dithmenos
Elyvilon
Fedhas
Gozag
Hepliaklqana
Kikubaaqudgha
Makhleb
Nemelex Xobeh
Qazlal
Ru
Trog
Uskayaw
Vehumet


Innate Abilities, Weirdness & Mutations

Your experience applies equally to all skills.
You have very sharp teeth.
Your uncanny sense of smell can sniff out nearby items.
You have a pair of horns on your head.
You have razor-sharp toenails.


Message History

You feel yourself slow down.
You miss the hornet.
You feel yourself speed up.
You feel sick. The hornet completely misses you.
The hornet stings you but does no damage.
The hornet stings you.
You feel yourself slow down.
You hit the hornet. Your kick misses the hornet. Your punch misses the hornet.
The hornet is lightly wounded.
You feel sick. The hornet barely misses you. The leopard gecko bites you.
The hornet stings you!
You feel as though you will be slow longer.
The leopard gecko barely misses you.
You riposte.
You hit the leopard gecko.
You kill the leopard gecko!
The hornet stings you but does no damage.
Unknown command.
You barely miss the hornet.
The hornet is lightly wounded.
You feel sick. The hornet stings you.
You are more poisoned.
You feel as though you will be slow longer.
The hornet stings you!
You are lethally poisoned!
You feel as though you will be slow longer.
You feel better. The hornet stings you!
You suddenly lose the ability to move!
The hornet stings you!
* * * LOW HITPOINT WARNING * * *
You are poisoned.
You feel as though you will be slow longer.
You can move again.
Okay, then.
Aiming: Iceblast
Press: ? - help, Shift-Dir - straight line The mass of ice explodes!
The iceblast engulfs the hornet!
The hornet is heavily wounded.
* * * LOW HITPOINT WARNING * * *
You feel sick.
The hornet stings you but does no damage.
The hornet stings you!
You die...

#........#......#
#........##.....#
#...............##. .
#.)................ ..
##.................. ...
#.......................
.......#......#####....#
...........##....†.....#
............#...@y.!...#
....#.......#...........
....##......#...........
.........>..+...........
##..........#.........!.
#.......#####..........
#.......# #..........
#....#### ...........
######


You could see a hornet.

Vanquished Creatures
  Menkaure (D:4)
  A sky beast (D:5)
  3 ogres
  A phantom (D:4)
  2 scorpions (D:5)
  2 howler monkeys
  A bullfrog zombie (D:5)
  A bullfrog skeleton (D:4)
  2 orc priests
  A jelly (D:5)
  2 hounds
  2 iguanas (D:5)
  An orc wizard (D:5)
  Terence (D:2)
  4 worker ants
  5 adders
  A shadow imp (D:5)
  3 white imps
  An ooze (D:3)
  3 adder zombies
  An adder skeleton (D:6)
  2 dart slugs
  5 leopard geckos
  6 orcs
  7 bats
  8 giant cockroaches
  8 goblins
  10 hobgoblins
  13 jackals
  5 kobolds
  2 quokkas
  A ball python (D:1)
  7 frilled lizards
  A leopard gecko zombie (D:5)
  7 rats
121 creatures vanquished.

Vanquished Creatures (others)
  2 plants (D:3)
2 creatures vanquished.

Grand Total: 123 creatures vanquished

Notes
Turn   | Place    | Note
-------+----------+-------------------------------------------
     0 | D:1      | Nattfarinn the Gnoll Transmuter began the quest for the
                  | Orb.
     0 | D:1      | Reached XP level 1. HP: 17/17 MP: 6/6
   564 | D:1      | Reached XP level 2. HP: 17/23 MP: 7/7
   907 | D:1      | Reached XP level 3. HP: 22/28 MP: 7/9
   912 | D:1      | Reached skill level 5 in Spellcasting
  1722 | D:2      | Reached skill level 1 in Invocations
  1991 | D:2      | Learned a level 3 spell: Spider Form
  2037 | D:2      | Reached skill level 1 in Short Blades
  2037 | D:2      | Reached skill level 1 in Long Blades
  2037 | D:2      | Reached skill level 1 in Axes
  2037 | D:2      | Reached skill level 1 in Maces & Flails
  2037 | D:2      | Reached skill level 1 in Polearms
  2037 | D:2      | Reached skill level 1 in Staves
  2037 | D:2      | Reached skill level 1 in Slings
  2037 | D:2      | Reached skill level 1 in Bows
  2037 | D:2      | Reached skill level 1 in Crossbows
  2037 | D:2      | Reached skill level 1 in Throwing
  2037 | D:2      | Reached skill level 1 in Armour
  2037 | D:2      | Reached skill level 1 in Stealth
  2037 | D:2      | Reached skill level 1 in Shields
  2037 | D:2      | Reached skill level 1 in Evocations
  2238 | D:2      | Reached XP level 4. HP: 19/34 MP: 11/11
  2520 | D:2      | Noticed Terence
  2525 | D:2      | Killed Terence
  2526 | D:2      | Reached skill level 1 in Conjurations
  2526 | D:2      | Reached skill level 1 in Hexes
  2526 | D:2      | Reached skill level 1 in Summonings
  2526 | D:2      | Reached skill level 1 in Necromancy
  2526 | D:2      | Reached skill level 1 in Translocations
  2526 | D:2      | Reached skill level 1 in Fire Magic
  2526 | D:2      | Reached skill level 1 in Ice Magic
  2526 | D:2      | Reached skill level 1 in Air Magic
  2526 | D:2      | Reached skill level 1 in Earth Magic
  2526 | D:2      | Reached skill level 1 in Poison Magic
  2671 | D:2      | Reached XP level 5. HP: 24/40 MP: 12/12
  3545 | D:3      | Found a faded altar of an unknown god.
  4910 | D:4      | Noticed an ogre
  4910 | D:4      | Noticed Menkaure
  4920 | D:4      | Killed an ogre
  4921 | D:4      | Reached XP level 6. HP: 47/47 MP: 3/13
  4925 | D:4      | Killed Menkaure
  4926 | D:4      | Reached skill level 5 in Dodging
  5347 | D:4      | Reached XP level 7. HP: 22/52 MP: 15/15
  5553 | D:4      | Reached skill level 7 in Unarmed Combat
  5573 | D:4      | Got a steaming long sword
  5575 | D:4      | Identified the +1 long sword "Zowucku" {holy, +Inv rElec
                  | rC+} (You found it on level 4 of the Dungeon)
  5740 | D:5      | Entered Level 5 of the Dungeon
  6387 | D:5      | Reached XP level 8. HP: 16/60 MP: 16/16
  6657 | D:5      | Found a sparkling altar of Nemelex Xobeh.
  7468 | D:6      | Found the +6 Majin-Bo {vamp, MP+6 Int+6}
  7534 | D:6      | Found a staircase to the Ecumenical Temple.
  7544 | Temple   | Entered the Ecumenical Temple
  7770 | Temple   | Became a worshipper of Ashenzari the Shackled
  8220 | D:6      | Noticed a hornet
  8230 | D:6      | Paralysed by a hornet for 1 turns
  8231 | D:6      | Slain by a hornet

Illustrated notes

Levels and vault maps discovered:
D:1:      lightli_arrival_statuegarden, layout_rooms
D:2:      layout_loops_ring, uniq_terence
D:3:      minmay_spotlight, layout_basic, chequers_ecumenical_altar_island,
          serial_bayou_crossing
D:4:      kennysheep_six_static_rooms, layout_basic, hangedman_minor_gate_pass,
          uniq_menkaure
D:5:      layout_basic, nemelex_xobeh_ov_fountains_minmay
D:6:      layout_basic, minmay_temple_entry_poolview, grunt_ministairs_10
Temple:   nicolae_temple_figure_eight

Skill      XL: |  1  2  3  4  5  6  7  8 |
---------------+-------------------------+-----
Spellcasting   | 5 6 |  6.1
Invocations    | 1 2 3 |  3.7
Short Blades   | 1 2 3 |  3.4
Long Blades    | 1 2 3 |  3.4
Axes           | 1 2 3 |  3.4
Maces & Flails | 1 2 3 |  3.4
Polearms       | 1 2 3 |  3.4
Staves         | 1 2 3 |  3.4
Slings         | 1 2 3 |  3.4
Bows           | 1 2 3 |  3.4
Crossbows      | 1 2 3 |  3.4
Throwing       | 1 2 3 |  3.4
Armour         | 1 2 3 |  3.4
Stealth        | 1 2 3 |  3.4
Shields        | 1 2 3 |  3.4
Evocations     | 1 2 3 |  3.4
Conjurations   | 1 2 |  2.7
Hexes          | 1 2 |  2.7
Summonings     | 1 2 |  2.7
Necromancy     | 1 2 |  2.7
Translocations | 1 2 |  2.7
Fire Magic     | 1 2 |  2.7
Ice Magic      | 1 2 |  2.7
Air Magic      | 1 2 |  2.7
Earth Magic    | 1 2 |  2.7
Poison Magic   | 1 2 |  2.7
Fighting       | 3 4 |  4.3
Transmutations | 4 |  4.7
Dodging        | 5 |  5.7
Unarmed Combat | 7 |  7.4

Action                   |  1- 3 |  4- 6 |  7- 9 || total
-------------------------+-------+-------+-------++-------
Melee: Whip              |   189 |   150 |       ||   339
       Kick              |    11 |    16 |     6 ||    33
       Bite              |    10 |     5 |    18 ||    33
       Headbutt          |     5 |    16 |     2 ||    23
       Punch             |     3 |     2 |     5 ||    10
       Unarmed           |     5 |    12 |     3 ||    20
       Long sword        |       |       |   154 ||   154
 Cast: Beastly Appendage |    10 |    17 |     3 ||    30
       Spider Form       |     1 |     2 |     1 ||     4
Invok: Curse Item        |       |       |     1 ||     1
 Abil: Evoke Invisibilit |       |       |     1 ||     1
Evoke: Wand              |       |       |     1 ||     1
  Use: Potion            |     1 |       |     4 ||     5
       Scroll            |       |       |     6 ||     6
 Stab: Invisible         |       |       |     1 ||     1
Armor: Robe              |    17 |       |       ||    17
       Leather armour    |    15 |     5 |       ||    20
       Scale mail        |       |    57 |       ||    57
       Ring mail         |       |    12 |    69 ||    81
Dodge: Dodged            |   138 |   102 |   143 ||   383
       Rpst.: Long sword |       |       |    46 ||    46

Table legend: (Time is in decaauts)
 A = Elapsed time spent in this place.
 B = Non-inter-level travel time spent in this place.
 C = Inter-level travel time spent in this place.
 D = Time resting spent in this place.
 E = Time spent auto-exploring this place.
 F = Levels seen in this place.
 G = Mean time per level.
                   A        B        C        D        E       F      G
               +--------+--------+--------+--------+--------+-----+--------+
         Total |   8304 |   8078 |    226 |   2508 |   4469 |   7 | 1186.3 |
       Dungeon |   8055 |   7870 |    185 |   2508 |   4265 |   6 | 1342.5 |
        Temple |    248 |    207 |     41 |      0 |    204 |   1 |  248.0 |
               +--------+--------+--------+--------+--------+-----+--------+

Top non-repeatable levels by time:
     D:5: 1949 daAuts
     D:2: 1595 daAuts
     D:1: 1509 daAuts
     D:3: 1355 daAuts
     D:4: 1309 daAuts
     D:6: 336 daAuts
  Temple: 248 daAuts
